Map: Rhoskallian LE

Players

PaTouLacHi

  • Race: Terran Terran
  • Spawn Location: 12:00

april

  • Race: Terran Terran
  • Spawn Location: 11:00

qqq - Winner!

  • Race: Protoss Protoss
  • League: Platinum
  • Spawn Location: 5:00

Massa - Winner!

  • Race: Terran Terran
  • League: Platinum
  • Spawn Location: 6:00

VOD

Have the link to the VOD?

Description

Time

  • Played on: Sept. 26, 2020, 5 p.m.
  • Length: 14:42
Show
View Real Time Build Order
Export as new Build Order

PaTouLacHi Terran 

Build Orders:  

Get SALT Encoding   

  12  0:00  SCV  
  13  0:13  SCV  
  14  0:18  Supply Depot  
  14  0:25  SCV  
  15  0:32  Refinery  
  16  0:45  Barracks  
  16  0:48  SCV  
  16  1:00  SCV  
  16  1:12  SCV  
  17  1:24  SCV  
  18  1:25  Refinery  
  18  1:36  SCV  
  18  1:43  Marine  
  19  1:49  Supply Depot  
  19  1:50  Factory, SCV  
  19  2:03  SCV  
  20  2:20  Orbital Command  
  20  2:22  Supply Depot  
  20  2:35  Factory Tech Lab  
  20  2:45  Marine  
  20  2:47  SCV  
  22  3:02  SCV  
  23  3:09  Siege Tank  
  26  3:14  SCV  
  27  3:26  SCV  
  28  3:31  Command Center  
  28  3:33  Barracks Tech Lab  
  28  3:39  SCV  
  28  3:54  SCV  
  28  4:06  SCV  
  28  4:07  Stimpack  
  29  4:10  Siege Tank  
  32  4:18  SCV  
  33  4:25  Supply Depot  
  33  4:28  Marauder  
  33  4:30  SCV  
  36  4:35  Barracks  
  36  4:39  Barracks  
  36  4:47  SCV  
  37  4:54  Marine  
  38  5:02  SCV  
  38  5:04  Supply Depot  
  39  5:11  Siege Tank  
  39  5:14  Refinery, SCV  
  42  5:18  Orbital Command  
  42  5:30  SCV  
  42  5:31  Marauder  
  42  5:34  Barracks Reactor x2  
  45  5:42  SCV  
  46  5:46  SCV  
  47  5:54  SCV  
  47  5:56  Combat Shield  
  48  5:58  SCV  
  49  6:06  SCV  
  49  6:07  Starport  
  49  6:10  SCV  
  51  6:15  Siege Tank  
  51  6:16  Marauder  
  51  6:17  Marine x4  
  60  6:18  SCV  
  60  6:23  Supply Depot  
  60  6:24  SCV  
  62  6:30  SCV  
  63  6:35  Marine x4  
  63  6:36  SCV  
  68  6:43  SCV  
  68  6:45  Starport Reactor  
  69  6:49  SCV  
  69  6:52  Engineering Bay x2, Refinery  
  70  6:56  SCV  
  70  7:01  Marine x4, SCV  
  72  7:02  Marine  
  77  7:12  Supply Depot x2  
  77  7:14  Siege Tank  
  80  7:16  Concussive Shells  
  80  7:19  Marine x4  
  84  7:24  Terran Infantry Weapons Level 1  
  84  7:30  Terran Infantry Armor Level 1  
  84  7:33  Medivac x2  
  88  7:43  Marine x4  
  88  7:44  Marine  
  93  7:45  SCV x2  
  93  7:50  Siege Tank  
  98  7:57  SCV  
  99  8:07  Missile Turret  
  99  8:08  Missile Turret  
  99  8:12  Command Center  
  99  8:15  Missile Turret  
  99  8:18  Marine x3  
  99  8:31  Missile Turret  
  99  8:32  SCV  
  99  8:33  SCV  
  101  8:36  Marine x3  
  102  8:50  Supply Depot  
  102  8:52  Medivac x2, Marine, SCV x2  
  109  8:59  Armory  
  84  9:33  Marine x5  
  84  9:34  Missile Turret  
  84  9:35  Barracks  
  89  9:41  Barracks, SCV x2  
  89  9:43  Barracks  
  87  10:01  Orbital Command  
  87  10:06  Marine x3  
  87  10:07  Marine x2  
  92  10:18  SCV x2  
  92  10:20  Terran Infantry Weapons Level 2, Terran Infantry Armor Level 2  
  94  10:21  Sensor Tower  
  94  10:27  SCV  
  95  10:30  SCV x2  
  95  10:35  Marine x2  
  99  10:36  Marine x2  
  99  10:37  Barracks Tech Lab  
  99  10:38  Barracks Reactor x2  
  99  10:39  SCV  
  99  10:42  SCV x2  
  104  10:51  SCV  
  104  10:54  SCV x2  
  107  11:03  SCV  
  104  11:11  Marine  
  104  11:12  Marine x5  
  104  11:14  Refinery  
  104  11:15  Refinery  
  110  11:33  Marine  
  110  11:34  Marine x9  
  120  11:40  Command Center  
  120  11:51  Marine  
  120  11:52  Marine x3  
  120  11:53  Marine  
  119  12:05  Marine x5  
  119  12:06  Missile Turret  
  124  12:09  Marine x3  
  124  12:10  Marine x2  
  129  12:23  Marine  
  129  12:25  Marine x2  
  129  12:26  Marine x2  
  129  12:27  Marine x3  
  129  12:28  Marine x2  
  129  12:40  Marine  
  129  12:43  Marine x2  
  132  12:45  Marine  
  132  12:47  Terran Ship Weapons Level 1  
  133  12:52  Marine x3, Marauder x2  
  133  12:53  Supply Depot  
  133  12:55  Supply Depot  
  140  13:02  Marine x2  
  140  13:03  Marine x3  
  145  13:09  Marine  
  145  13:11  Medivac x2  
  151  13:13  Marauder x2  
  98  14:18  Marine x6  
  87  14:38  Barracks  
Show
View Real Time Build Order
Export as new Build Order

april Terran 

Build Orders:  

Get SALT Encoding   

  12  0:07  SCV  
  13  0:19  SCV  
  14  0:24  Supply Depot  
  14  0:32  SCV  
  15  0:36  Refinery  
  15  0:46  SCV  
  15  0:47  Barracks  
  16  0:58  SCV  
  17  1:05  Refinery  
  17  1:13  SCV  
  18  1:25  SCV  
  19  1:38  Factory  
  19  1:40  Orbital Command  
  19  1:45  Supply Depot  
  19  1:49  Marine  
  19  2:21  SCV  
  20  2:24  Factory Tech Lab, Supply Depot  
  20  2:33  SCV  
  20  2:36  Bunker  
  21  2:45  SCV  
  22  2:57  Siege Tank  
  25  3:00  SCV  
  24  3:14  SCV  
  25  3:24  Barracks Tech Lab  
  25  3:26  SCV  
  26  3:27  Starport  
  26  3:33  Engineering Bay  
  26  3:38  SCV  
  27  3:50  SCV  
  28  4:03  Starport Reactor, SCV  
  28  4:05  Stimpack, Marauder  
  31  4:26  Engineering Bay  
  31  4:44  Supply Depot  
  31  4:45  Supply Depot  
  31  4:49  Supply Depot  
  31  4:51  Barracks  
  31  5:05  Medivac x2, Siege Tank, SCV  
  39  5:17  SCV  
  40  5:30  SCV  
  41  5:42  SCV  
  42  5:46  Command Center  
  42  5:47  Factory  
  42  5:50  Refinery x2  
  42  5:53  Combat Shield  
  42  5:54  SCV  
  42  5:56  Barracks Tech Lab  
  43  6:00  Terran Infantry Weapons Level 1  
  43  6:02  Terran Infantry Armor Level 1  
  43  6:06  SCV  
  43  6:09  Supply Depot  
  44  6:15  Armory  
  44  6:16  Medivac  
  46  6:21  SCV  
  47  6:34  SCV  
  48  6:47  SCV  
  49  6:50  Factory Tech Lab  
  49  6:58  Orbital Command  
  49  6:59  SCV  
  50  7:11  SCV  
  51  7:19  Missile Turret  
  51  7:24  SCV  
  51  7:25  Missile Turret, SCV  
  51  7:26  Missile Turret x2  
  51  7:27  Missile Turret  
  53  7:34  Terran Vehicle And Ship Armor Level 1  
  53  7:36  SCV  
  54  7:37  Armory, SCV  
  55  7:56  Command Center  
  55  8:07  Viking x2  
  55  8:12  Starport  
  59  8:17  SCV x2  
  61  8:24  Starport  
  61  8:30  SCV  
  62  8:36  Missile Turret  
  62  8:37  SCV  
  63  8:42  Terran Ship Weapons Level 1  
  63  8:47  Armory  
  64  8:48  SCV  
  64  8:49  SCV  
  64  8:50  Starport Reactor  
  64  8:51  Viking x2  
  69  9:05  Starport  
  69  9:12  Orbital Command  
  69  9:31  Viking x2  
  73  9:33  Starport Reactor  
  73  9:47  Terran Vehicle Weapons Level 1, Terran Vehicle And Ship Armor Level 2  
  73  9:51  SCV  
  73  9:52  SCV  
  75  10:02  Orbital Command  
  75  10:10  SCV  
  75  10:11  SCV  
  75  10:13  Marine, Marauder  
  80  10:14  Viking  
  80  10:15  Viking x2, Starport Reactor  
  80  10:17  Viking x2  
  90  10:23  SCV  
  91  10:31  Marine, SCV  
  93  10:44  Refinery  
  93  10:45  Supply Depot  
  93  10:46  Supply Depot  
  93  10:47  Missile Turret  
  93  10:48  Missile Turret  
  93  10:49  Missile Turret  
  93  10:50  Missile Turret, Refinery  
  93  11:06  Marine x2  
  93  11:07  SCV x3  
  93  11:09  Missile Turret  
  98  11:15  Viking  
  98  11:16  Viking x3, Sensor Tower  
  98  11:17  Siege Tank  
  109  11:24  SCV x2  
  109  11:25  SCV  
  109  11:30  Siege Tank  
  105  11:49  Siege Tank  
  105  11:53  SCV  
  109  12:21  Missile Turret  
  109  12:26  Missile Turret  
  109  12:28  SCV x2  
  109  12:33  Siege Tank  
  108  12:56  Refinery  
  108  12:57  Command Center  
  108  13:00  Refinery  
  108  13:02  Supply Depot  
  108  13:03  Supply Depot  
  108  13:12  Command Center  
  108  13:23  Marauder x2  
  112  13:29  Viking x2  
  112  13:30  Viking x4  
  124  13:44  Marine  
  125  13:51  Viking  
  125  13:52  Viking  
  121  14:01  Viking x4  
  121  14:02  Viking x2  
Show
View Real Time Build Order
Export as new Build Order

qqq Protoss - Winner!

Build Orders: Carriers 

Get SALT Encoding   

  13  0:13  Pylon  
  12  0:14  Probe  
  13  0:26  Probe  
  14  0:38  Forge  
  14  0:43  Probe  
  15  1:01  Pylon  
  15  1:21  Photon Cannon  
  15  1:26  Probe  
  16  1:38  Probe  
  17  1:41  Photon Cannon  
  17  1:50  Probe  
  18  2:02  Probe  
  19  2:14  Probe  
  20  2:27  Probe  
  21  2:34  Nexus  
  21  2:39  Probe  
  21  2:41  Pylon  
  22  3:07  Photon Cannon  
  22  3:15  Photon Cannon  
  20  3:36  Probe  
  20  3:39  Assimilator  
  21  3:43  Assimilator  
  21  3:47  Gateway  
  21  3:48  Probe  
  21  3:51  Probe  
  23  4:01  Probe (Chrono Boost)  
  23  4:02  Nexus  
  24  4:04  Probe (Chrono Boost)  
  25  4:12  Probe (Chrono Boost)  
  25  4:13  Probe (Chrono Boost)  
  25  4:15  Pylon  
  25  4:17  Probe (Chrono Boost)  
  27  4:18  Probe (Chrono Boost)  
  29  4:27  Probe  
  29  4:29  Probe  
  31  4:34  Cybernetics Core  
  31  4:39  Probe  
  31  4:41  Probe  
  31  4:42  Photon Cannon  
  33  4:51  Probe  
  34  4:54  Probe  
  34  4:57  Pylon  
  35  5:03  Probe  
  35  5:06  Probe  
  37  5:09  Assimilator  
  37  5:12  Assimilator  
  37  5:15  Probe  
  37  5:17  Stargate  
  37  5:18  Probe  
  37  5:20  Stargate  
  39  5:25  Probe  
  39  5:27  Protoss Air Weapons Level 1, Probe  
  41  5:30  Probe  
  42  5:37  Probe  
  42  5:39  Probe  
  42  5:42  Probe  
  45  5:46  Photon Cannon  
  45  5:47  Pylon  
  45  5:49  Probe  
  46  5:52  Probe  
  46  5:54  Probe  
  48  5:57  Robotics Facility  
  48  6:01  Probe  
  48  6:04  Phoenix (Chrono Boost), Probe  
  52  6:06  Probe  
  52  6:08  Phoenix (Chrono Boost)  
  55  6:14  Probe  
  55  6:16  Probe  
  57  6:18  Probe  
  58  6:26  Phoenix (Chrono Boost), Probe  
  58  6:28  Probe  
  58  6:30  Phoenix (Chrono Boost), Probe  
  65  6:38  Probe  
  66  6:40  Probe  
  66  6:42  Probe  
  66  6:43  Assimilator  
  66  6:44  Phoenix  
  70  6:48  Phoenix, Assimilator  
  70  6:49  Observer  
  70  6:50  Probe  
  70  6:52  Probe  
  75  7:02  Probe  
  76  7:10  Observer  
  76  7:12  Pylon  
  77  7:15  Pylon  
  77  7:19  Pylon  
  77  7:25  Fleet Beacon  
  77  7:30  Phoenix x2, Probe  
  82  7:42  Probe  
  82  7:43  Photon Cannon  
  83  7:55  Phoenix x2, Probe  
  83  7:57  Nexus  
  88  7:59  Pylon  
  88  8:01  Pylon  
  88  8:05  Pylon  
  88  8:07  Probe  
  88  8:09  Photon Cannon  
  88  8:12  Anion Pulse-Crystals  
  89  8:16  Pylon  
  89  8:20  Phoenix x2  
  89  8:21  Protoss Air Armor Level 1  
  93  8:45  Tempest, Carrier  
  93  8:48  Photon Cannon  
  104  8:50  Photon Cannon  
  104  8:54  Photon Cannon  
  104  8:58  Photon Cannon  
  104  9:01  Photon Cannon  
  102  9:14  Nexus  
  102  9:17  Pylon  
  102  9:18  Pylon  
  102  9:21  Pylon  
  102  9:28  Carrier  
  108  9:33  Probe  
  109  9:42  Stargate  
  109  9:43  Stargate  
  109  9:45  Probe  
  110  9:50  Carrier  
  116  9:56  Photon Cannon  
  116  9:57  Probe  
  116  9:58  Photon Cannon  
  117  10:00  Photon Cannon  
  117  10:02  Photon Cannon  
  117  10:04  Photon Cannon  
  117  10:09  Photon Cannon, Probe  
  117  10:12  Photon Cannon  
  118  10:14  Pylon  
  118  10:16  Shield Battery  
  118  10:20  Mothership (Chrono Boost)  
  118  10:22  Shield Battery  
  118  10:25  Shield Battery  
  118  10:26  Probe (Chrono Boost)  
  118  10:28  Shield Battery  
  127  10:29  Photon Cannon  
  127  10:32  Carrier  
  127  10:33  Photon Cannon  
  134  10:36  Probe (Chrono Boost)  
  134  10:37  Probe (Chrono Boost)  
  134  10:39  Protoss Air Weapons Level 2 (Chrono Boost)  
  135  10:47  Probe  
  135  10:48  Probe  
  137  10:53  Tempest  
  142  10:59  Probe  
  142  11:00  Probe  
  144  11:11  Probe  
  144  11:12  Probe  
  144  11:15  Carrier x2  
  158  11:23  Probe  
  158  11:24  Probe  
  156  11:37  Carrier  
  160  11:45  Carrier  
  164  11:56  Probe x2  
  164  11:59  Assimilator  
  166  12:03  Assimilator  
  166  12:06  Observer  
  166  12:08  Photon Cannon, Probe x2  
  168  12:11  Photon Cannon  
  168  12:12  Shield Battery x2  
  168  12:14  Assimilator  
  168  12:19  Assimilator, Carrier  
  168  12:20  Probe x2  
  176  12:32  Probe x2  
  171  12:38  Carrier  
  171  12:41  Carrier  
  183  12:44  Probe x2  
  183  12:45  Pylon  
  183  12:46  Pylon  
  183  12:48  Pylon  
  183  12:49  Carrier  
  183  12:50  Pylon  
  191  13:04  Pylon  
  191  13:06  Pylon  
  191  13:10  Pylon  
  191  13:13  Nexus  
  191  13:16  Pylon  
  191  13:19  Pylon  
  191  13:24  Carrier  
  176  14:25  Photon Cannon  
  176  14:26  Photon Cannon  
  176  14:29  Photon Cannon  
  176  14:30  Photon Cannon  
  169  14:31  Photon Cannon  
  169  14:34  Pylon  
  169  14:36  Pylon  
  171  14:39  Pylon  
Show
View Real Time Build Order
Export as new Build Order

Massa Terran - Winner!

Build Orders:  

Get SALT Encoding   

  12  0:00  SCV  
  13  0:12  SCV  
  14  0:24  Supply Depot, SCV  
  15  0:37  Refinery  
  15  0:46  SCV  
  15  0:49  Barracks  
  16  0:58  SCV  
  17  1:10  SCV  
  18  1:22  SCV  
  19  1:34  SCV  
  20  1:40  Reaper  
  21  1:47  Orbital Command  
  21  1:56  Command Center  
  21  2:03  Supply Depot  
  21  2:11  Marine  
  21  2:13  SCV  
  23  2:27  SCV  
  25  2:30  Reaper  
  25  2:39  SCV  
  26  3:18  Orbital Command  
  26  3:21  SCV  
  27  3:29  Barracks Reactor, Factory  
  27  3:33  SCV  
  27  3:34  Barracks  
  27  3:45  SCV  
  28  3:57  SCV  
  28  4:07  SCV  
  28  4:09  SCV  
  30  4:16  Supply Depot  
  30  4:19  Refinery, Supply Depot, SCV  
  30  4:20  Command Center  
  30  4:21  SCV  
  32  4:24  Engineering Bay  
  32  4:28  Supply Depot  
  32  4:29  Supply Depot x2  
  32  4:30  Supply Depot  
  32  4:32  SCV  
  32  4:34  Barracks Tech Lab  
  32  4:35  SCV  
  34  4:44  SCV  
  34  4:45  Starport, Hellion  
  37  4:46  Widow Mine  
  37  4:47  SCV  
  37  4:50  Barracks Reactor  
  40  4:53  Supply Depot  
  40  4:56  Supply Depot  
  40  5:01  Terran Infantry Weapons Level 1  
  40  5:05  Missile Turret  
  40  5:07  Missile Turret  
  40  5:11  Missile Turret  
  39  5:29  Stimpack  
  39  5:32  Marine x2, Marauder  
  39  5:34  Widow Mine  
  39  5:35  Widow Mine  
  47  5:43  SCV x2  
  49  5:50  Marine  
  49  5:53  Marauder  
  49  5:55  Armory, SCV x2  
  54  5:59  Starport Tech Lab  
  54  6:03  Marine  
  55  6:07  Marine, SCV  
  55  6:08  SCV  
  58  6:14  Marine  
  58  6:16  Refinery  
  59  6:21  Marine  
  59  6:23  Missile Turret  
  59  6:25  Marine  
  60  6:26  Missile Turret  
  63  6:32  Marauder  
  63  6:34  Banshee  
  63  6:38  Cloaking Field  
  63  6:39  Marine  
  67  6:44  SCV x2  
  67  6:46  Missile Turret  
  67  6:47  Missile Turret  
  69  6:50  Orbital Command  
  69  7:04  Terran Infantry Armor Level 1  
  69  7:07  Engineering Bay, Missile Turret  
  69  7:10  Armory  
  69  7:17  Banshee  
  69  7:19  SCV x3  
  75  7:23  Refinery  
  75  7:25  Refinery  
  75  7:27  Refinery  
  75  7:28  Concussive Shells  
  75  7:30  Marine x2, Marauder  
  75  7:31  SCV x3  
  75  7:35  Barracks  
  82  7:48  Marine x2  
  84  7:52  Marauder  
  86  8:00  Viking  
  86  8:01  Widow Mine x2  
  86  8:05  SCV x3  
  95  8:06  Marine x2  
  97  8:17  Supply Depot, SCV  
  98  8:20  Terran Vehicle Weapons Level 1, Terran Vehicle And Ship Armor Level 1  
  98  8:21  Terran Infantry Weapons Level 2  
  98  8:22  Widow Mine x2  
  102  8:41  Supply Depot  
  102  8:49  Command Center  
  102  9:04  Supply Depot  
  96  9:14  Barracks Reactor  
  96  9:15  Marine, Marauder  
  96  9:16  Marine  
  100  9:25  SCV  
  100  9:26  SCV x2  
  100  9:27  Supply Depot  
  103  9:33  Marine x2, Terran Infantry Armor Level 2  
  103  9:36  Banshee, Marauder  
  103  9:37  SCV  
  103  9:38  SCV x2  
  113  9:44  Starport  
  113  9:46  Starport  
  113  9:49  SCV  
  113  9:50  Supply Depot, SCV  
  113  9:51  Marine x2  
  117  9:55  Supply Depot  
  117  9:56  Supply Depot  
  117  9:57  Marauder  
  117  9:59  Supply Depot x2  
  111  10:08  Marine  
  111  10:09  Marine  
  113  10:19  Banshee, Marauder  
  113  10:20  Starport Reactor, Supply Depot  
  118  10:23  Starport Reactor  
  118  10:31  Orbital Command  
  118  10:38  Missile Turret  
  118  10:40  Marauder  
  118  10:42  Sensor Tower  
  120  10:47  Ghost Academy  
  120  10:50  Ghost Academy  
  120  10:58  Missile Turret  
  120  11:08  Medivac x2  
  120  11:09  Medivac x2, Raven  
  128  11:13  Marine x2, Marauder  
  128  11:14  Marine x2  
  134  11:22  Missile Turret  
  134  11:24  Barracks  
  134  11:26  Barracks  
  134  11:31  Marine x3  
  137  11:35  Marauder  
  137  11:38  Medivac x2  
  137  11:39  Medivac  
  145  11:43  Missile Turret  
  145  11:56  Marauder  
  144  12:04  Missile Turret  
  144  12:22  Marine x2  
  147  12:23  Marine x2  
  147  12:26  Barracks Reactor x2  
  150  12:32  Ghost  
  150  12:36  Personal Cloaking  
  150  12:40  Marine x4, Nuke  
  154  12:49  Refinery  
  154  12:57  Marine  
  155  13:00  Command Center, Sensor Tower  
  155  13:01  Ghost  
  157  13:16  Banshee  
  157  13:18  Medivac x2  
  164  13:20  Marine  
  164  13:21  Marine x5  
  164  13:22  Marine x2  
  164  13:25  SCV x2  
  164  13:26  SCV x2  
  173  13:29  Ghost  
  175  13:37  SCV  
  175  13:38  Marine x2, SCV x3  
  175  13:39  Marine x3  
  184  13:58  Ghost  
Tags
 
Add a new tag
Caveats
  • Supply blocks, unpowered buildings, or Contaminate may cause inaccurate times.
  • Supply counts are checked every 10 seconds.